 Dungeon Crawl Stone Soup version 0.29.1-2-gbd0b4ee654 (webtiles) character file.

Game seed: 2978125327942551385

2609 qeuew the Skirmisher (level 9, -1/45 HPs)
             Began as a Spriggan Hunter on Nov 3, 2022.
             Was a Believer of Dithmenos.
             Slain by Pikel
             ... wielding a +2 whip of electrocution
              (10 damage)
             ... on level 8 of the Dungeon.
             The game lasted 00:16:48 (5954 turns).

qeuew the Skirmisher (Spriggan Hunter)              Turns: 5954, Time: 00:16:49

Health: -1/45      AC:  3    Str:  2 (5)  XL:     9   Next: 34%
Magic:  10/10      EV: 22    Int: 10 (11) God:    Dithmenos [**....]
Gold:   574        SH:  0    Dex: 21 (22) Spells: 8/8 levels left

rFire   . . .      SeeInvis +   e - +0 short sword
rCold   . . .      Faith    .   (no shield)
rNeg    + . .      Spirit   .   c - +1 robe
rPois   .          Reflect  .   (helmet restricted)
rElec   .          Harm     .   (no cloak)
rCorr   .          Rampage  .   (gloves unavailable)
Will    +....                   (boots unavailable)
Stlth   +++++.....              l - amulet of regeneration
HPRegen 0.95/turn               n - ring of positive energy
MPRegen 0.12/turn               (no ring)

@: wreathed by umbra, very quick
A: very small, no large weapons, unfitting armour, see invisible, speed 3,
passive freeze, weak 1
a: Renounce Religion, Shadow Step


You were on level 8 of the Dungeon.
You worshipped Dithmenos.
Dithmenos was pleased with you.
You visited 2 branches of the dungeon, and saw 9 of its levels.

You collected 574 gold pieces.

Inventory:

Hand Weapons
 a - a +0 shortbow
 e - a +0 short sword (weapon)
Armour
 c - a +1 robe (worn)
Jewellery
 l - an amulet of regeneration (around neck)
 n - a ring of positive energy (left hand)
Wands
 b - a wand of flame (37)
 k - a wand of light (9)
 m - a wand of mindburst (8)
 o - a wand of paralysis (6)
Scrolls
 h - 4 scrolls of teleportation
 i - a scroll of summoning
 j - a scroll of identify
Potions
 d - 2 potions of might
 f - a potion of resistance
 g - 7 potions of curing


   Skills:
 + Level 4.2 Fighting
 * Level 7.1 Short Blades
 * Level 8.0 Ranged Weapons
 + Level 6.7 Dodging
 + Level 7.8 Stealth


You had 8 spell levels left.
You didn't know any spells.
Your spell library contained the following spells:

 Spells                   Type           Power      Damage    Failure   Level
 Shock                    Conj/Air       0%         1d3       36%         1
 Call Canine Familiar     Summ           0%         N/A       75%         3
 Portal Projectile        Hex/Tloc       0%         N/A       75%         3
 Swiftness                Air            0%         N/A       75%         3
 Airstrike                Air            0%         2d(0-16)  98%         4
 Leda's Liquefaction      Hex/Erth       0%         N/A       98%         4
 Summon Ice Beast         Ice/Summ       0%         N/A       98%         4
 Summon Mana Viper        Hex/Summ       0%         N/A       100%        5
 Monstrous Menagerie      Summ           0%         N/A       100%        7


Dungeon Overview and Level Annotations

Branches:
Dungeon (8/15)             Temple (1/1) D:4
   Lair: D:8-11

Altars:
Dithmenos
Elyvilon
Fedhas
Makhleb
Nemelex Xobeh
Qazlal
Uskayaw
Xom
Zin
The Shining One

Shops:
D:2 (   D:5 (   D:7 *

Annotations:
D:8 Pikel


Innate Abilities, Weirdness & Mutations

You are very small and have problems with some larger weapons.
You are too small for most types of armour.
You have supernaturally acute eyesight. (SInv)
You cover ground extremely quickly. (Speed+++)
A frigid envelope surrounds you and freezes all who hurt you.
You are weak. (Str -2)


Message History

HP restored.
Pikel is nearby!
You shoot an arrow. The arrow closely misses Pikel.
Pikel shouts!
You hear a shout!
Pikel zaps a wand.
The mass of ice explodes!
The iceblast engulfs you!
You shoot an arrow. The arrow hits Pikel!
Pikel is heavily wounded.
You shoot an arrow.
The arrow hits Pikel but does no damage.
Pikel is heavily wounded.
You shoot an arrow. The arrow closely misses Pikel.
You shoot an arrow.
The arrow hits Pikel but does no damage.
Pikel is heavily wounded.
You shoot an arrow. The arrow hits Pikel.
Pikel is heavily wounded.
Pikel misses you.
You shoot an arrow. The arrow closely misses Pikel.
Pikel hits you with a +2 whip of electrocution!
Pikel is very cold.
Pikel is severely wounded.
You shoot an arrow.
The arrow hits Pikel but does no damage.
Pikel is severely wounded.
Pikel hits you with a +2 whip of electrocution!
You are electrocuted!!
* * * LOW HITPOINT WARNING * * *
Pikel is very cold.
Pikel is almost dead.
Okay, then.
e - a +0 short sword (weapon)
You hit Pikel but do no damage.
Pikel is almost dead.
You hit Pikel but do no damage.
Pikel is almost dead.
Pikel completely misses you.
You hit Pikel but do no damage.
Pikel is almost dead.
Pikel hits you with a +2 whip of electrocution!
You die...

#.# # #)# ####### .## #.#
#.....## ..# #)# .......## #.#
#)# ######.#. ........# #.#
#)###........ ........# #.#
#.....###..##
..[.....###.####....###.###
................@K.........
..................#..#.###
...<...<.###..######.#.#
#......######..# #...#######
#####.......##.# ##.........
....##.####..#.# #.........
....#..#####...######.........
..............................
....#.########...####.........


You could see Pikel.

Vanquished Creatures
  A hornet (D:8)
  Grinder (D:3)
  A shadow (D:5)
  Sigmund (D:3)
  An ice beast (D:7)
  A black bear (D:5)
  2 ogres (D:5)
  2 centaurs (D:7)
  A phantom (D:5)
  4 lemures (D:8)
  2 bullfrogs
  2 scorpions (D:5)
  A necrophage (D:6)
  3 killer bees (D:7)
  3 howler monkeys
  3 jellies
  3 hounds
  3 orc priests (D:7)
  2 gnoll boudas
  3 iguanas
  2 orc wizards
  12 gnolls
  5 adders
  A river rat (D:8)
  3 white imps
  2 ufetubi
  A worm (D:3)
  6 dart slugs
  20 orcs
  4 bats
  11 endoplasms
  2 giant cockroaches
  7 goblins
  8 hobgoblins
  5 jackals
  6 kobolds
  2 quokkas
  4 ball pythons (D:1)
  3 frilled lizards
  4 rats
148 creatures vanquished.

Notes
Turn   | Place    | Note
-------+----------+-------------------------------------------
     0 | D:1      | qeuew the Spriggan Hunter began the quest for the Orb.
     0 | D:1      | Reached XP level 1. HP: 10/10 MP: 2/2
   231 | D:1      | Found a faded altar of an unknown god.
   258 | D:1      | Reached XP level 2. HP: 8/14 MP: 3/3
   661 | D:1      | Reached XP level 3. HP: 18/18 MP: 4/4
   873 | D:2      | Reached skill level 1 in Short Blades
   992 | D:2      | Found Istuduirelu's Antique Weapon Boutique.
  1362 | D:3      | Reached XP level 4. HP: 21/23 MP: 5/5
  1479 | D:3      | Noticed Sigmund
  1487 | D:3      | Killed Sigmund
  1488 | D:3      | Reached skill level 5 in Ranged Weapons
  1488 | D:3      | Reached XP level 5. HP: 11/26 MP: 6/6
  2047 | D:3      | Noticed Grinder
  2055 | D:3      | Paralysed by Grinder for 5 turns
  2063 | D:3      | Killed Grinder
  2064 | D:3      | Reached XP level 6. HP: 25/32 MP: 7/7
  2466 | D:4      | Found a glowing silver altar of Zin.
  2500 | D:4      | Found a staircase to the Ecumenical Temple.
  2510 | Temple   | Entered the Ecumenical Temple
  2669 | Temple   | Became a worshipper of Dithmenos the Shadowed
  2836 | D:4      | Reached XP level 7. HP: 35/35 MP: 8/8
  3100 | D:5      | Entered Level 5 of the Dungeon
  3142 | D:5      | Reached skill level 5 in Stealth
  3155 | D:5      | Reached skill level 6 in Ranged Weapons
  3526 | D:5      | Reached skill level 5 in Dodging
  3604 | D:5      | Found Yfyot's Firing Range.
  3795 | D:5      | Reached XP level 8. HP: 40/40 MP: 9/9
  3940 | D:5      | Reached skill level 5 in Short Blades
  3978 | D:5      | Reached * piety under Dithmenos
  4336 | D:6      | Reached skill level 7 in Ranged Weapons
  4909 | D:7      | Identified the +0 leather armour "Oklizxesa" {Contam Str+8
                  | Int+2}
  5015 | D:7      | Found Luomn's General Store.
  5448 | D:7      | Reached XP level 9. HP: 28/45 MP: 10/10
  5665 | D:7      | Gained mutation: You are weak. (Str -2) [potion of
                  | mutation]
  5665 | D:7      | Gained mutation: A frigid envelope surrounds you and
                  | freezes all who hurt you. [potion of mutation]
  5701 | D:8      | Paralysed by a hornet for 3 turns
  5848 | D:8      | Reached skill level 8 in Ranged Weapons
  5849 | D:8      | Reached ** piety under Dithmenos
  5865 | D:8      | Noticed Pikel
  5954 | D:8      | Slain by Pikel

Illustrated notes

Levels and vault maps discovered:
D:1:      dpeg_arrival_round_a, layout_rooms, hellmonk_ecumenical_altar_run_dry,
          minmay_misc_feat_tiny
D:2:      layout_basic, serial_shops, nicolae_shop_statue_plus
D:3:      layout_loops_cross, minmay_crystal_room, guppyfry_early_orc_mine,
          uniq_grinder, uniq_sigmund
D:4:      layout_rooms, nicolae_overflow_hidden_temple, zin_academy,
          minmay_temple_entry_grid, serial_bayou_lake_a, uniq_crazy_yiuf_cottage
D:5:      layout_basic, nicolae_shop_firing_range
D:6:      layout_basic, grunt_ministairs_10, glass_columns_a, minmay_microvault
D:7:      layout_basic, serial_shops, nicolae_stop_n_shop_2
D:8:      layout_rooms, dpeg_lair_monsters, gammafunk_ghost_split, serial_shops,
          shop, kennysheep_little_box, shop, shop, shop, uniq_maggie, uniq_pikel
Temple:   minmay_temple_curvy_branch

Skill      XL: |  1  2  3  4  5  6  7  8  9 |
---------------+----------------------------+-----
Stealth        | 2 3 4 5 7 |  7.8
Dodging        | 3 4 5 6 |  6.7
Short Blades   | 1 2 3 4 6 7 |  7.1
Fighting       | 2 3 4 |  4.2
Ranged Weapons | 5 6 7 8 |  8.0

Action                   |  1- 3 |  4- 6 |  7- 9 || total
-------------------------+-------+-------+-------++-------
Melee: Short sword       |       |       |   147 ||   147
 Fire: Shortbow          |   109 |    76 |   365 ||   550
  Use: Scroll            |     6 |     1 |     7 ||    14
       Potion            |       |       |     6 ||     6
Armor: Robe              |     6 |     2 |    28 ||    36
Dodge: Dodged            |    27 |    18 |   416 ||   461
